 Dungeon Crawl Stone Soup version 0.18-a0-1526-gcb34c7c (webtiles) character file.

88 Oddball22 the Magician (level 4, -1/24 HPs)
             Began as a Deep Elf Conjurer on Mar 8, 2016.
             Killed from afar by an orc wizard (10 damage)
             ... with a magic dart
             ... on level 3 of the Dungeon.
             The game lasted 00:03:55 (1647 turns).

Oddball22 the Magician (Deep Elf Conjurer)          Turns: 1647, Time: 00:03:55

Health: -1/24      AC:  2    Str:  5    XL:     4   Next: 30%
Magic:  7/13       EV: 13    Int: 21    God:
Gold:   93         SH:  0    Dex: 15    Spells: 3 memorised, 8 levels left

rFire  . . .     SeeInvis .     (no weapon)
rCold  . . .     Gourm    .     a - +0 robe
rNeg   . . .     Faith    .     (no shield)
rPois  .         Spirit   .     (no helmet)
rElec  .         Dismiss  .     (no cloak)
rCorr  .         Reflect  .     (no gloves)
SustAt .         Harm     .     (no boots)
MR     .....                    (no amulet)
Stlth  +++.......               (no ring)
                                l - ring of stealth

@: not resistant to hostile enchantments, fairly stealthy
A: no striking features
a: no special abilities


You were on level 3 of the Dungeon.
You were not hungry.

You visited 1 branch of the dungeon, and saw 3 of its levels.

You collected 93 gold pieces.

Inventory:

Armour
 a - a +0 robe (worn)
Jewellery
 l - a ring of stealth (left hand)
Wands
 n - a wand of disintegration (13/24)
Scrolls
 d - 2 scrolls of fear {unknown}
 f - 3 scrolls of immolation {unknown}
 i - a scroll of identify {unknown}
 m - a scroll of fog {unknown}
Potions
 e - a potion of lignification {unknown}
 h - a potion of degeneration {unknown}
 j - a potion of might {unknown}
 k - a potion of curing {unknown}
Books
 b - a book of Conjurations

   Spells                             Type                      Level
   a - Magic Dart                     Conjuration                  1
   b - Searing Ray                    Conjuration                  2
   c - Dazzling Spray                 Conjuration/Hexes            3
   d - Fulminant Prism                Conjuration/Hexes            4
   e - Iskenderun's Mystic Blast      Conjuration                  4
   f - Iskenderun's Battlesphere      Conjuration/Charms           5
Comestibles
 c - 3 bread rations
 g - 10 chunks of flesh


   Skills:
 - Level 2.4 Dodging
 - Level 2.4 Stealth
 * Level 5.5 Spellcasting
 + Level 5.0 Conjurations


You had 8 spell levels left.
You knew the following spells:

 Your Spells              Type           Power        Failure   Level  Hunger
a - Magic Dart            Conj           ####         1%          1    None
b - Searing Ray           Conj           ####..       1%          2    None
c - Dazzling Spray        Conj/Hex       ###.....     14%         3    ##.....


Dungeon Overview and Level Annotations

Branches:
Dungeon (3/15)

Altars:


Message History

The orc wizard is moderately wounded.
Casting: Magic Dart
Confirm with . or Enter, or press ? or * to list all spells.
Aiming: Magic Dart
Press: ? - help, Shift-Dir - straight line, f/p - orc wizard
Aim: an orc wizard, wielding a dagger and wearing a robe (moderately wounded)
The magic dart hits the orc wizard.
The orc wizard is heavily wounded.
The orc wizard casts a spell at you. The magic dart hits you!
Casting: Magic Dart
Confirm with . or Enter, or press ? or * to list all spells.
Aiming: Magic Dart
Press: ? - help, Shift-Dir - straight line, f/p - orc wizard
Aim: an orc wizard, wielding a dagger and wearing a robe (heavily wounded)
The magic dart hits the orc wizard.
The orc wizard is severely wounded.
The orc wizard gestures at you while chanting.
The magic dart hits you!
You die...

#.# #.# #.#
#o# #.# #.#
#†# #@# #.#
... #.# >..
#.# .... #.#
..... #.#
.....######.#
..........#.#
###...[....#


You could see an orc wizard.

Vanquished Creatures
  An orc wizard (D:3)
  An adder (D:2)
  An ooze (D:2)
  3 giant geckos
  3 orcs (D:2)
  2 giant cockroaches (D:1)
  7 goblins
  3 hobgoblins
  3 jackals (D:1)
  2 kobolds
  A ball python (D:2)
  6 bats
  2 giant newts
  5 rats
40 creatures vanquished.

Notes
Turn   | Place    | Note
--------------------------------------------------------------
     0 | D:1      | Oddball22 the Deep Elf Conjurer began the quest for the Orb.
     0 | D:1      | Reached XP level 1. HP: 10/10 MP: 6/6
   205 | D:1      | Reached XP level 2. HP: 15/15 MP: 4/8
   785 | D:1      | Learned a level 2 spell: Searing Ray
   914 | D:2      | Reached XP level 3. HP: 19/19 MP: 4/10
  1334 | D:2      | Found a faded altar to an unknown god.
  1378 | D:2      | Learned a level 3 spell: Dazzling Spray
  1405 | D:3      | Reached skill level 5 in Spellcasting
  1405 | D:3      | Reached skill level 5 in Conjurations
  1405 | D:3      | Reached XP level 4. HP: 18/24 MP: 5/13
  1647 | D:3      | Killed from afar by an orc wizard

Vault maps used:
D:1:      dpeg_arrival_fog, st_stairs_1
D:2:      ecumenical_altar_2
D:3:      first_bread

Skill      XL: |  1  2  3 |
---------------+----------+-----
Spellcasting   | 4 5 |  5.5
Conjurations   | 5 |  5.0
Dodging        | |  2.4
Stealth        | |  2.4

Action                   |  1- 3 |  4- 6 || total
-------------------------+-------+-------++-------
 Cast: Magic Dart        |    71 |    11 ||    82
       Searing Ray       |       |     1 ||     1
  Eat: Chunk             |     1 |     1 ||     2
